 Dungeon Crawl Stone Soup version 0.20.1-1-g8b1a95d (webtiles) character file.

17 Inarius the Grave Robber (level 2, 0/20 HPs)
             Began as a Demonspawn Necromancer on July 6, 2017.
             Slain by a worm (10 damage)
             ... on level 2 of the Dungeon.
             The game lasted 00:02:36 (1065 turns).

Inarius the Grave Robber (Demonspawn Necromancer)   Turns: 1065, Time: 00:02:36

Health: 0/20       AC:  6    Str:  8    XL:     2   Next: 44%
Magic:  2/5        EV: 10    Int: 16    God:
Gold:   42         SH:  0    Dex: 13    Spells: 3/5 levels left

rFire    . . .     SeeInvis .   i - +0 whip
rCold    . . .     Gourm    .   (no shield)
rNeg     . . .     Faith    .   m - +0 ring mail
rPois    .         Spirit   .   n - +0 helmet
rElec    .         Reflect  .   (no cloak)
rCorr    .         Harm     .   (no gloves)
MR       .....                  (no boots)
Stlth    +++.......             (no amulet)
Regen    0.1/turn               l - ring of stealth
MPRegen  0.1/turn               (no ring)

@: no status effects
A: nightstalker 1
a: no special abilities


You were on level 2 of the Dungeon.
You were not hungry.

You visited 1 branch of the dungeon, and saw 2 of its levels.

You collected 42 gold pieces.

Inventory:

Hand Weapons
 i - a +0 whip (weapon)
Armour
 m - a +0 ring mail (worn)
 n - a +0 helmet (worn)
Jewellery
 l - a ring of stealth (left hand)
Scrolls
 d - a scroll of magic mapping {unknown}
 h - a scroll of enchant armour {unknown}
Potions
 a - a potion of mutation {unknown}
 e - a potion of agility {unknown}
 f - a potion of resistance {unknown}
 g - a potion of flight {unknown}
 j - a potion of might {unknown}
Books
 b - a book of Necromancy

   Spells                             Type                      Level
   a - Pain                           Necromancy                   1
   b - Animate Skeleton               Necromancy                   1
   c - Vampiric Draining              Necromancy                   3
   d - Regeneration                   Charms/Necromancy            3
   e - Animate Dead                   Necromancy                   4
   f - Control Undead                 Necromancy                   4
Comestibles
 c - a bread ration
 k - a meat ration
 o - 2 chunks of flesh


   Skills:
 * Level 0.4 Fighting
 * Level 0.5 Armour
 + Level 1.8 Dodging
 - Level 1.7 Stealth
 - Level 0.1 Unarmed Combat
 + Level 2.0 Spellcasting
 + Level 4.8 Necromancy


You had 3 spell levels left.
You knew the following spells:

 Your Spells              Type           Power        Failure   Level  Hunger
a - Pain                  Necr           ###.         9%          1    #......
b - Animate Skeleton      Necr           N/A          9%          1    #......


Dungeon Overview and Level Annotations

Branches:
Dungeon (2/15)

Altars:


Innate Abilities, Weirdness & Mutations

You are slightly more attuned to the shadows.


Message History

Casting: Pain
Confirm with . or Enter, or press ? or * to list all spells.
Aiming: Pain
Press: ? - help, Shift-Dir - straight line, f/p - worm
Aim: a worm (chance to defeat MR: 82%)
The worm writhes in agony!
Casting: Pain
Confirm with . or Enter, or press ? or * to list all spells.
Aiming: Pain
Press: ? - help, Shift-Dir - straight line, f/p - worm
Aim: a worm (lightly wounded, chance to defeat MR: 82%)
The worm barely resists.
Casting: Pain
Confirm with . or Enter, or press ? or * to list all spells.
Aiming: Pain
Press: ? - help, Shift-Dir - straight line, f/p - worm
Aim: a worm (chance to defeat MR: 82%)
The worm writhes in agony!
The worm bites you!
Ouch! That really hurt!
You die...

#.# ###...##. #.#
#..## ...
#.#####..# ....
.........# #...
.......#..# #.....
.......##.##..#...
.#..##.##.......#
.... #.####.##>##
..#
#.#..@Z#...#### .#
##.....w........
#.....>.......#
#.............#.
#...............
#.#............♣
.......##......♣
..########.##..♣.
. #...§.....P.


You could see a worm and a friendly hobgoblin skeleton.

Vanquished Creatures
  A leopard gecko (D:1)
  2 bats (D:1)
  A bat zombie (D:2)
  2 giant cockroaches
  3 hobgoblins
  2 frilled lizards (D:2)
  A kobold (D:1)
  3 rats (D:1)
15 creatures vanquished.

Vanquished Creatures (collateral kills)
  A leopard gecko skeleton (D:2)
1 creature vanquished.

Grand Total: 16 creatures vanquished

Notes
Turn   | Place    | Note
-------+----------+-------------------------------------------
     0 | D:1      | Inarius the Demonspawn Necromancer began the quest for the Orb.
     0 | D:1      | Reached XP level 1. HP: 13/13 MP: 3/3
    37 | D:1      | Learned a level 1 spell: Animate Skeleton
   595 | D:1      | Gained mutation: You are slightly more attuned to the shadows. [demonic ancestry]
   595 | D:1      | Reached XP level 2. HP: 19/19 MP: 3/5
  1065 | D:2      | Slain by a worm

Action                   || total
-------------------------++-------
Melee: Unarmed           ||    10
       Whip              ||    29
 Cast: Pain              ||    13
       Animate Skeleton  ||     4
 Stab: Sleeping          ||     1
  Eat: Chunk             ||     1
Armor: Robe              ||     1
       Ring mail         ||    24
Dodge: Dodged            ||    22
